 Dungeon Crawl Stone Soup version 0.31-a0-37-g98a128e1d9 (webtiles) character file.

Game seed: 13903005768562406572

386 frimble the Slasher (level 6, 0/51 HPs)
             Began as a Gnoll Reaver on May 16, 2023.
             Succumbed to their own poison gas
             ... on level 5 of the Dungeon.
             The game lasted 00:04:32 (3995 turns).

frimble the Slasher (Gnoll Reaver)                  Turns: 3995, Time: 00:04:33

Health: 0/51       AC:  5    Str: 12    XL:     6   Next: 78%
Magic:  23/23      EV: 13    Int: 14    God:
Gold:   77         SH:  4    Dex: 16    Spells: 10/15 levels left

rFire   . . .        a - +0 falchion (heavy)
rCold   . . .        d - +0 buckler
rNeg    . . .        q - +2 leather armour of the Blessed Realm {rCorr MP+9 Slay+2}
rPois   .            (no helmet)
rElec   .            (no cloak)
rCorr   +            (no gloves)
SInv    .            (no boots)
Will    .....        (no amulet)
Stlth   ++           j - +6 ring of dexterity
HPRegen 0.28/turn    (no ring)
MPRegen 0.18/turn

%: no passive effects
@: lethally poisoned (0 -> -24)
A: fangs 1, strong nose, distributed training
a: no special abilities


You were on level 5 of the Dungeon.
You visited 1 branch of the dungeon, and saw 5 of its levels.

You collected 288 gold pieces.
You spent 211 gold pieces at shops.

Inventory:

Hand Weapons
 a - a +0 heavy falchion (weapon)
Armour
 d - a +0 buckler (worn)
 q - the +2 leather armour of the Blessed Realm (worn) {rCorr MP+9 Slay+2}
   (You bought it in a shop on level 2 of the Dungeon)

   Slay:      It affects your accuracy & damage with ranged weapons and melee
   (+2).
   MP:        It affects your magic capacity (+9).
   rCorr:     It protects you from acid and corrosion.
Jewellery
 j - a +6 ring of dexterity (left hand)
Wands
 p - a wand of flame (42)
Scrolls
 e - 2 scrolls of fear
 k - 2 scrolls of summoning {unknown}
 l - a scroll of noise {unknown}
 m - 5 scrolls of identify {unknown}
Potions
 c - a potion of curing
 f - 3 potions of cancellation {unknown}
 g - a potion of haste {unknown}
 i - a potion of degeneration {unknown}
 n - a potion of resistance {unknown}
 o - a potion of lignification {unknown}


   Skills:
 + Level 5.1 Fighting
 + Level 2.2 Short Blades
 + Level 6.9 Long Blades
 + Level 2.2 Axes
 + Level 2.2 Maces & Flails
 + Level 2.2 Polearms
 + Level 2.2 Staves
 + Level 2.2 Ranged Weapons
 + Level 2.2 Throwing
 + Level 2.2 Armour
 + Level 5.1 Dodging
 + Level 2.2 Stealth
 + Level 2.2 Shields
 + Level 2.2 Unarmed Combat
 + Level 5.4 Spellcasting
 + Level 5.7 Conjurations
 + Level 1.7 Hexes
 + Level 1.7 Summonings
 + Level 1.7 Necromancy
 + Level 1.7 Translocations
 + Level 1.7 Transmutations
 + Level 1.7 Fire Magic
 + Level 1.7 Ice Magic
 + Level 1.7 Air Magic
 + Level 1.7 Earth Magic
 + Level 1.7 Poison Magic
 + Level 2.4 Invocations
 + Level 2.2 Evocations


You had 10 spell levels left.
You knew the following spells:

 Your Spells              Type           Power      Damage    Failure   Level
a - Kiss of Death         Conj/Necr      56%        2d9       6%          1
b - Summon Lightning Spi  Summ/Air       8%         N/A       82%         4

Your spell library contained the following spells:

 Spells                   Type           Power      Damage    Failure   Level
 Momentum Strike          Conj/Tloc      28%        3d8       10%         2
 Static Discharge         Conj/Air       28%        2-4/arc   10%         2
 Hailstorm                Conj/Ice       14%        3d5       19%         3
 Confusing Touch          Hex            8%         N/A       41%         3
 Airstrike                Air            4%         2d(1-17)  82%         4
 Dispel Undead            Necr           8%         3d8       82%         4


Dungeon Overview and Level Annotations

Branches:
Dungeon (5/15)
 Temple: D:4-7

Altars:
Ashenzari
Makhleb
The Shining One

Shops:
D:1 !   D:2 [


Innate Abilities, Weirdness & Mutations

You have very sharp teeth.
Your uncanny sense of smell can sniff out nearby items.
Your experience applies equally to all skills.


Message History

You slice the jelly!!
You kill the jelly!
No target in view!
Magic restored.
HP restored.
Found a falchion.
A phantom comes into view.
As you read the scroll labelled XOINIO FOASTUI, it crumbles to dust.
You assume a fearsome visage.
The phantom is unaffected.
It was a scroll of fear.
The air fills with toxic fumes!
As you read the scroll labelled ASIYLA RUKU, it crumbles to dust.
It was a scroll of poison.
You slash the phantom!
The phantom is moderately damaged.
The phantom barely misses you. The phantom hits you.
You hit the phantom but do no damage.
The phantom is moderately damaged.
The phantom hits you.
The phantom blinks!
You blink.
You block the phantom's attack.
You closely miss the phantom.
The phantom is moderately damaged.
You are engulfed in poison gas.
You are poisoned.
You feel very sick. The phantom hits you.
The phantom blinks!
You blink.
You barely miss the phantom.
The phantom is moderately damaged.
You are engulfed in poison gas.
You are more poisoned.
You feel extremely sick.
The phantom hits you but does no damage.
Okay, then.
You feel better.
You are engulfed in poison gas.
You are poisoned.
* * * LOW HITPOINT WARNING * * *
You feel sick. The phantom barely misses you.
You are engulfed in poison gas.
You are lethally poisoned!
* * * LOW HITPOINT WARNING * * *
You die...

∆ ######### .
.....☼☼W# ...
###.#○####.....
#○○§○@☼§§......
#○§○○.○§°......
#.
###.§#######...#.
#.##.○..# ..#
##.##.#..# ∆ .#
#........# ..
#........# #
#........#
#........##.


You could see a phantom.

Vanquished Creatures
  A phantom (D:4)
  2 hounds (D:4)
  2 jellies
  2 iguanas (D:4)
  7 adders
  A worm (D:4)
  2 dart slugs (D:1)
  3 orcs (D:4)
  7 endoplasms
  4 giant cockroaches
  7 goblins (D:1)
  7 hobgoblins
  3 jackals (D:1)
  7 kobolds
  2 quokkas
  3 ball pythons
  7 bats
  3 frilled lizards
  3 rats
73 creatures vanquished.

Notes
Turn   | Place    | Note
-------+----------+-------------------------------------------
     0 | D:1      | frimble the Gnoll Reaver began the quest for the Orb.
     0 | D:1      | Reached XP level 1. HP: 20/20 MP: 6/6
   122 | D:1      | Reached XP level 2. HP: 22/26 MP: 7/7
   449 | D:1      | Found Muipt's Distillery.
   453 | D:1      | Reached skill level 5 in Spellcasting
   453 | D:1      | Reached XP level 3. HP: 27/27 MP: 7/9
   478 | D:1      | Bought a potion of curing for 36 gold pieces
   708 | D:1      | Reached skill level 1 in Invocations
  1298 | D:2      | Reached skill level 1 in Short Blades
  1298 | D:2      | Reached skill level 1 in Axes
  1298 | D:2      | Reached skill level 1 in Maces & Flails
  1298 | D:2      | Reached skill level 1 in Polearms
  1298 | D:2      | Reached skill level 1 in Staves
  1298 | D:2      | Reached skill level 1 in Ranged Weapons
  1298 | D:2      | Reached skill level 1 in Throwing
  1298 | D:2      | Reached skill level 1 in Armour
  1298 | D:2      | Reached skill level 1 in Stealth
  1298 | D:2      | Reached skill level 1 in Shields
  1298 | D:2      | Reached skill level 1 in Unarmed Combat
  1298 | D:2      | Reached skill level 1 in Evocations
  1495 | D:2      | Reached XP level 4. HP: 33/34 MP: 11/11
  1589 | D:2      | Found Tastof's Antique Armour Shop.
  1781 | D:2      | Reached skill level 1 in Hexes
  1781 | D:2      | Reached skill level 1 in Summonings
  1781 | D:2      | Reached skill level 1 in Necromancy
  1781 | D:2      | Reached skill level 1 in Translocations
  1781 | D:2      | Reached skill level 1 in Transmutations
  1781 | D:2      | Reached skill level 1 in Fire Magic
  1781 | D:2      | Reached skill level 1 in Ice Magic
  1781 | D:2      | Reached skill level 1 in Air Magic
  1781 | D:2      | Reached skill level 1 in Earth Magic
  1781 | D:2      | Reached skill level 1 in Poison Magic
  2511 | D:3      | Found a broken altar of Ashenzari.
  2526 | D:3      | Found a glowing golden altar of the Shining One.
  2623 | D:4      | Reached XP level 5. HP: 24/39 MP: 10/12
  2779 | D:4      | Noticed a phantom
  2795 | D:4      | Killed a phantom
  2966 | D:4      | Learned a level 4 spell: Summon Lightning Spire
  3047 | D:4      | Reached XP level 6. HP: 50/50 MP: 13/13
  3324 | D:4      | Reached skill level 5 in Fighting
  3324 | D:4      | Reached skill level 5 in Dodging
  3426 | D:4      | Found a burning altar of Makhleb.
  3904 | D:2      | Bought a polished leather armour for 175 gold pieces
  3904 | D:2      | Identified the +2 leather armour of the Blessed Realm
                  | {rCorr MP+9 Slay+2} (You bought it in a shop on level 2 of
                  | the Dungeon)
  3952 | D:5      | Entered Level 5 of the Dungeon
  3995 | D:5      | Succumbed to their own poison gas

Illustrated notes

Levels and vault maps discovered:
D:1:      dpeg_arrival_subterranean_lakeside_camping, layout_basic,
          serial_shops, nicolae_shop_statue_plus
D:2:      layout_loops_ring, serial_shops, nicolae_shop_advertising_works
          [nicolae_subvault_shop_adworks]
D:3:      layout_basic, mainiacjoe_overflow_large_starburst
D:4:      layout_cave_pods, makhleb_heckhound_becter
D:5:      layout_basic, kiku_gazebo_pond_becter, grunt_dithmenos_smoke,
          mainiacjoe_overflow_chevrons, serial_shops, nicolae_shop_statue_plus,
          minmay_manual_mess

Skill      XL: |  1  2  3  4  5  6 |
---------------+-------------------+-----
Spellcasting   | 5 |  5.4
Invocations    | 1 2 |  2.4
Short Blades   | 1 2 |  2.2
Axes           | 1 2 |  2.2
Maces & Flails | 1 2 |  2.2
Polearms       | 1 2 |  2.2
Staves         | 1 2 |  2.2
Ranged Weapons | 1 2 |  2.2
Throwing       | 1 2 |  2.2
Armour         | 1 2 |  2.2
Stealth        | 1 2 |  2.2
Shields        | 1 2 |  2.2
Unarmed Combat | 1 2 |  2.2
Evocations     | 1 2 |  2.2
Hexes          | 1 |  1.7
Summonings     | 1 |  1.7
Necromancy     | 1 |  1.7
Translocations | 1 |  1.7
Transmutations | 1 |  1.7
Fire Magic     | 1 |  1.7
Ice Magic      | 1 |  1.7
Air Magic      | 1 |  1.7
Earth Magic    | 1 |  1.7
Poison Magic   | 1 |  1.7
Fighting       | 5 |  5.1
Dodging        | 5 |  5.1
Long Blades    | |  6.9
Conjurations   | |  5.7

Action                     |  1- 3 |  4- 6 || total
---------------------------+-------+-------++-------
  Melee: Falchion          |   115 |   114 ||   229
         Bite              |    11 |    12 ||    23
   Cast: Kiss of Death     |     2 |     1 ||     3
    Use: Scroll            |     2 |     2 ||     4
         Potion            |     1 |     3 ||     4
   Stab: Sleeping          |       |     3 ||     3
 Armour: Leather armour    |    31 |    27 ||    58
  Dodge: Dodged            |    87 |    79 ||   166
  Block: Buckler           |       |    17 ||    17

Table legend: (Time is in decaauts)
 A = Elapsed time spent in this place.
 B = Non-inter-level travel time spent in this place.
 C = Inter-level travel time spent in this place.
 D = Time resting spent in this place.
 E = Time spent auto-exploring this place.
 F = Levels seen in this place.
 G = Mean time per level.
                   A        B        C        D        E       F      G
               +--------+--------+--------+--------+--------+-----+--------+
         Total |   4063 |   3738 |    325 |     32 |   3077 |   5 |  812.6 |
       Dungeon |   4063 |   3738 |    325 |     32 |   3077 |   5 |  812.6 |
               +--------+--------+--------+--------+--------+-----+--------+

Top non-repeatable levels by time:
     D:1: 1333 daAuts
     D:4: 1312 daAuts
     D:2: 795 daAuts
     D:3: 574 daAuts
     D:5: 46 daAuts
